 Dungeon Crawl Stone Soup version 0.16-a0-1276-g18860b1 (webtiles) character file.

3455 Ololoev the Reanimator (level 9, 0/57 HPs)
             Began as a Mummy Necromancer on Oct 14, 2014.
             Was a Priest of Sif Muna.
             Slain by TAS2012's ghost (8 damage)
             ... on level 8 of the Dungeon.
             The game lasted 00:56:11 (12102 turns).

Ololoev the Reanimator (Mummy Necromancer)         Turns: 12102, Time: 00:56:12

Health: 0/57       AC:  7    Str: 11    XL:     9   Next: 78%
Magic:  14/18      EV: 12    Int: 17    God:    Sif Muna [***...]
Gold:   412        SH:  0    Dex: 12    Spells: 5 memorised, 1 level left

rFire  x . .     SeeInvis +     q - +2 dagger (freeze)
rCold  + + .     Clarity  +     r - +0 robe {rC+}
rNeg   + + +     SustAb   .     (no shield)
rPois  +         Gourm    .     g - +1 helmet
rElec  .         Spirit   .     (no cloak)
rCorr  .         Warding  .     k - +2 pair of gloves
rMut   .         Stasis   .     (no boots)
MR     +....                    m - amulet of clarity
Stlth  ++........               b - +1 ring of slaying
                                c - ring of see invisible

@: about to teleport, somewhat resistant to hostile enchantments, unstealthy
A: no food or potions, fire vulnerability, restore body, cold resistance 1,
negative energy resistance 3, poison resistance, torment resistance, unbreathing
a: Channel Energy, Forget Spell, Renounce Religion


You were on level 8 of the Dungeon.
You worshipped Sif Muna.
Sif Muna was most pleased with you.
You were not hungry.

You visited 2 branches of the dungeon, and saw 10 of its levels.

You collected 412 gold pieces.

Inventory:

Hand weapons
 q - a +2 dagger of freezing (weapon)
Armour
 g - a +1 helmet (worn)
 h - a +0 buckler
 k - a +2 pair of gloves (worn)
 r - a +0 robe of cold resistance (worn)
Jewellery
 b - a +1 ring of slaying (right hand)
 c - a ring of see invisible (left hand)
 m - an amulet of clarity (around neck)
Magical devices
 n - a wand of slowing (20)
 o - a wand of disintegration (0)
 p - a wand of lightning (0)
Scrolls
 d - a scroll of fog
 f - a scroll of remove curse
 i - a scroll of teleportation
 j - 2 scrolls of enchant weapon
 l - a scroll of immolation


   Skills:
 - Level 1.5 Dodging
 - Level 1.5 Stealth
 - Level 3.6 Spellcasting
 * Level 13.4 Necromancy
 - Level 2.0 Invocations


You had one spell level left.
You knew the following spells:

 Your Spells              Type           Power        Failure   Level  Hunger
a - Pain                  Necr           ####         1%          1    N/A
b - Animate Skeleton      Necr           N/A          1%          1    N/A
c - Vampiric Draining     Necr           #####.....   1%          3    N/A
d - Animate Dead          Necr           N/A          1%          4    N/A
e - Agony                 Necr           #####...     1%          5    N/A

Dungeon Overview and Level Annotations

Branches:
Dungeon (9/15)             Temple (1/1) D:5
    Orc: D:9-12        Lair: D:8-11

Altars:
Ashenzari
Cheibriados
Dithmenos
Elyvilon
Fedhas
Gozag
Kikubaaqudgha
Makhleb
Nemelex Xobeh
Okawaru
Qazlal
Ru
Sif Muna
Trog
Vehumet
Xom
Zin
The Shining One

Shops:
D:5 !   D:7 :

Annotations:
D:3 TAS2012's ghost, average DDFi
D:8 TAS2012's ghost, experienced MiFi


Innate Abilities, Weirdness & Mutations

You do not eat or drink.
Your flesh is vulnerable to fire.
Your flesh is cold resistant.
You are immune to negative energy.
Your system is resistant to poisons.
You are immune to unholy pain and torment.
You can survive without breathing.


Message History

The killer bee completely misses you. The killer bee stings you.
The killer bee stings you.
* * * LOW HITPOINT WARNING * * *
TAS2012's ghost hits you but does no damage.
The killer bee barely misses you. The killer bee completely misses you.
The killer bee stings you but does no damage.
Read which item? (? for menu, Esc to quit)
Okay, then.
Evoke which item? (* to show all) (? for menu, Esc to quit)
Okay, then.
Read which item? (? for menu, Esc to quit)
Okay, then.
Read which item? (? for menu, Esc to quit)
As you read the scroll of summoning, it crumbles to dust.
Wisps of shadow whirl around you... The killer bee stings you.
* * * LOW HITPOINT WARNING * * *
The killer bee closely misses you. The killer bee stings you.
* * * LOW HITPOINT WARNING * * *
TAS2012's ghost hits you!
You die...

#.######### #.ZZZ...Z..
#.########. #.# #. #######
####### ###.### #. #.....#
#.....# #.....# #. #.....#
#.###.#####.....# #. #.....#
#.#...ty........######.
#.....###.#..W@y........)(((.#.
#...........J.y.........####((.
#...........#..###......# ##..
#...........#..###......#####..
####......Z.#......##........[.
#......Z.##.................
#...............[...........
#.......#########...........
#.......# #.#########.


You could see 3 killer bees, TAS2012's ghost, a friendly crocodile and a
friendly jelly.

Vanquished Creatures
  Pikel (D:5)
  Prince Ribbit (D:4)
  Eustachio (D:7)
  A slave (D:5)
  2 orc warriors
  A black bear (D:6)
  2 sky beasts
  2 centaurs
  4 ogres
  2 elf zombies (D:8)
  An elf skeleton (D:8)
  2 giant frogs
  3 scorpions
  3 crimson imps
  A quasit (D:8)
  2 goliath beetles
  3 orc priests
  4 orc wizards
  A centaur skeleton (D:5)
  2 hounds
  2 human skeletons (D:8)
  3 iguanas
  5 worker ants
  10 adders
  A giant mite (D:3)
  2 worms (D:2)
  27 orcs
  2 ball pythons (D:2)
  12 bats
  2 bat skeletons
  9 hobgoblins
  10 jackals
  2 quokkas
  9 giant cockroaches
  5 giant geckos
  A giant gecko skeleton (D:5)
  3 giant newts
  8 goblins
  14 kobolds
  An orc zombie (D:8)
  13 rats
180 creatures vanquished.

Vanquished Creatures (collateral kills)
  A hungry ghost (D:7)
  A steam dragon (D:7)
  2 necrophages
  2 worker ants
  An orc wizard (D:3)
  An orc skeleton (D:8)
  2 shadow imps
  2 oozes
  2 orcs
  A hobgoblin (D:3)
  A kobold skeleton (D:4)
  An orc zombie (D:6)
  4 rats
  A rat skeleton (D:5)
22 creatures vanquished.

Vanquished Creatures (others)
  A slave (D:6)
  A scorpion (D:6)
  A hound (D:6)
  A centaur zombie (D:8)
  A worker ant (D:6)
  A sky beast zombie (D:6)
  2 ogre zombies
  A hound zombie (D:8)
  A hound skeleton (D:7)
  3 worker ant zombies
  2 goliath beetle zombies
  3 orc zombies
  2 adder skeletons
  An iguana skeleton (D:8)
  A giant cockroach zombie (D:8)
  A giant gecko skeleton (D:3)
  A giant newt (D:6)
  A goblin skeleton (D:3)
  A hobgoblin skeleton (D:7)
  3 jackal skeletons
  A jackal zombie (D:8)
  A kobold zombie (D:6)
  13 orc skeletons
  A quokka skeleton (D:3)
  5 rat skeletons
  A rat zombie (D:8)
51 creatures vanquished.

Grand Total: 253 creatures vanquished

Notes
Turn   | Place    | Note
--------------------------------------------------------------
     0 | D:1      | Ololoev, the Mummy Necromancer, began the quest for the Orb.
     0 | D:1      | Reached XP level 1. HP: 13/13 MP: 3/3
     2 | D:1      | Learned a level 1 spell: Animate Skeleton
   482 | D:1      | Reached XP level 2. HP: 19/19 MP: 0/4
  1504 | D:2      | Reached XP level 3. HP: 24/24 MP: 2/6
  1548 | D:2      | Learned a level 3 spell: Vampiric Draining
  1679 | D:2      | Reached skill level 5 in Necromancy
  2503 | D:2      | Reached XP level 4. HP: 30/30 MP: 2/8
  2702 | D:3      | Noticed TAS2012's ghost (average DDFi)
  3332 | D:3      | Reached XP level 5. HP: 23/35 MP: 6/11
  4162 | D:4      | Reached skill level 6 in Necromancy
  4171 | D:4      | Learned a level 4 spell: Animate Dead
  4598 | D:4      | Reached XP level 6. HP: 41/41 MP: 5/13
  4776 | D:4      | Noticed Prince Ribbit
  4793 | D:4      | Killed Prince Ribbit
  4793 | D:4      | Reached skill level 7 in Necromancy
  5294 | D:5      | Entered Level 5 of the Dungeon
  5322 | D:5      | Found Athrioxt's Distillery.
  5499 | D:5      | Reached XP level 7. HP: 30/46 MP: 15/15
  5663 | D:5      | Reached skill level 8 in Necromancy
  6081 | D:5      | Found a staircase to the Ecumenical Temple.
  6116 | Temple   | Entered the Ecumenical Temple
  6236 | Temple   | Became a worshipper of Sif Muna the Loreminder
  6854 | D:6      | Reached skill level 9 in Necromancy
  7252 | D:6      | Reached XP level 8. HP: 52/52 MP: 11/17
  7294 | D:6      | Acquired Sif Muna's first power
  7295 | D:6      | Noticed Pikel
  7320 | D:6      | Learned a level 5 spell: Agony
  7499 | D:5      | Killed Pikel
  7499 | D:5      | Reached skill level 10 in Necromancy
  7977 | D:6      | Reached skill level 11 in Necromancy
  8036 | D:6      | Acquired Sif Muna's second power
  8310 | D:6      | Found a shimmering altar of Xom.
  8519 | D:7      | Found a shimmering altar of Xom.
  8698 | D:7      | Noticed Eustachio
  8703 | D:7      | Killed Eustachio
  8859 | D:7      | Reached XP level 9. HP: 57/57 MP: 0/18
  9110 | D:7      | Found Ynorch Geel's Book Boutique.
  9272 | D:7      | Reached skill level 12 in Necromancy
 10195 | D:7      | Reached skill level 1 in Invocations
 10596 | D:8      | Noticed TAS2012's ghost (experienced MiFi)
 11524 | D:8      | Reached skill level 13 in Necromancy
 12102 | D:8      | Slain by TAS2012's ghost

Action                   |  1- 3 |  4- 6 |  7- 9 || total
-------------------------+-------+-------+-------++-------
Melee: Dagger            |     1 |    34 |   219 ||   254
 Cast: Pain              |    87 |   112 |   188 ||   387
       Animate Skeleton  |    11 |    14 |    28 ||    53
       Animate Dead      |       |     5 |    13 ||    18
       Vampiric Draining |       |     2 |     2 ||     4
       Agony             |       |       |    33 ||    33
Invok: Channel Energy    |       |       |   132 ||   132
Evoke: Wand              |       |     2 |     7 ||     9
  Use: Scroll            |       |       |    11 ||    11
 Stab: Sleeping          |       |       |     2 ||     2
